 Dungeon Crawl Stone Soup version 0.27.0-1-g7a089689b8 (webtiles) character file.

Game seed: 5528248798236948437

85 wakim the Insei (level 4, -2/28 HPs)
             Began as an Octopode Transmuter on Aug 10, 2021.
             Slain by a river rat (7 damage)
             ... on level 3 of the Dungeon.
             The game lasted 00:06:20 (2776 turns).

wakim the Insei (Octopode Transmuter)               Turns: 2776, Time: 00:06:21

Health: -2/28      AC:  1    Str:  9    XL:     4   Next: 48%
Magic:  6/7        EV: 13    Int: 15    God:
Gold:   24         SH:  0    Dex: 13    Spells: 3/7 levels left

rFire    . . .     SeeInvis .     - Unarmed
rCold    . . .     Faith    .   (no shield)
rNeg     . . .     Spirit   .   (helmet currently unavailable)
rPois    .         Reflect  .   (no amulet)
rElec    .         Harm     .   (no ring)
rCorr    .         Rampage  .   (no ring)
Will     .....                  (no ring)
Stlth    +++.......             (no ring)
HPRegen  0.09/turn              (no ring)
MPRegen  0.10/turn              (no ring)
                                (no ring)
                                (no ring)

@: appendages (expiring)
A: tentacle spike 3, almost no armour, amphibious, 8 rings, camouflage 1,
gelatinous body 1, (nimble swimmer 1), tentacles
a: End Transformation


You were on level 3 of the Dungeon.
One of your tentacles had grown a beastly spike.
You visited 1 branch of the dungeon, and saw 3 of its levels.

You collected 70 gold pieces.
You spent 46 gold pieces at shops.

Inventory:

Armour
 d - a +0 buckler
Wands
 v - a wand of flame (12)
Scrolls
 b - a scroll of enchant armour
 r - a scroll of identify
 Q - a scroll of immolation {!r!r}
Potions
 a - a potion of lignification {unknown}
 c - a potion of flight {unknown}
 e - a potion of invisibility {unknown}
 D - 2 potions of brilliance
 F - a potion of curing


   Skills:
 - Level 1.0 Fighting
 - Level 2.0 Dodging
 + Level 1.8 Stealth
 + Level 3.4 Unarmed Combat
 + Level 2.4 Spellcasting
 * Level 3.1 Transmutations
 + Level 1.6 Poison Magic


You had 3 spell levels left.
You knew the following spells:

 Your Spells              Type           Power      Damage    Failure   Level
a - Beastly Appendage     Tmut           22%        N/A       6%          1
x - Spider Form           Tmut/Pois      4%         N/A       24%         3

Your spell library contained the following spells:

 Spells                   Type           Power      Damage    Failure   Level
 Wereblood                Tmut           11%        N/A       9%          2
 Ice Form                 Ice/Tmut       6%         N/A       73%         4


Dungeon Overview and Level Annotations

Branches:
Dungeon (3/15)

Altars:

Shops:
D:2 *

Portals:
Sewer: D:3


Innate Abilities, Weirdness & Mutations

One of your tentacles has grown a beastly spike.
You cannot wear most types of armour.
You are amphibious.
You can wear up to eight rings at the same time.
Your skin changes colour to match your surroundings (Stealth+).
Your rubbery body absorbs attacks. (AC +1, EV +1)
((You are camouflaged near water. (Stealth+)))
You have tentacles for arms and can constrict up to eight enemies at once.


Message History

You release your grip on the river rat.
The river rat twitches its whiskers.
The giant cockroach barely misses you.
The river rat twitches its whiskers.
The river rat bites you.
* * * LOW HITPOINT WARNING * * *
Casting: Beastly Appendage (safe; 6% risk of failure)
Confirm with . or Enter, or press ? or * to list all spells.
One of your tentacles grows a vicious spike.
The giant cockroach misses you.
You tentacle-slap the giant cockroach. Your grab misses the giant cockroach.
The giant cockroach is moderately wounded.
The giant cockroach closely misses you.
You tentacle-slap the river rat. You grab the river rat.
The river rat is lightly wounded.
Your transformation is almost over.
You constrict the river rat. The giant cockroach barely misses you.
You tentacle-slap the river rat but do no damage.
Your squeeze misses the river rat.
The river rat is moderately wounded.
You constrict the river rat, but do no damage.
The giant cockroach bites you.
* * * LOW HITPOINT WARNING * * *
The river rat closely misses you. The giant cockroach bites you.
* * * LOW HITPOINT WARNING * * *
You release your grip on the river rat.
The river rat barely misses you. The ball python misses you.
The ball python closely misses you. The river rat bites you.
* * * LOW HITPOINT WARNING * * *
The ball python bites you.
* * * LOW HITPOINT WARNING * * *
The ball python closely misses you. The ball python bites you.
* * * LOW HITPOINT WARNING * * *
The ball python grabs you.
* * * LOW HITPOINT WARNING * * *
The ball python constricts you.
You escape the ball python's grasp.
The river rat bites you!
You die...

######
∩≈≈≈≈.################.#
≈≈≈≈.........BSr@.......
≈≈≈..#>...##.r.#######.#####.
≈≈≈..........................
≈≈........##...#######..#..# .
####..............†..#..#..#..
.......>........)..........
.....#...........#..........
#.............#...#......##
#.............#...#......#


You could see a river rat, a giant cockroach, a ball python and a rat.

Vanquished Creatures
  An adder (D:2)
  A worm (D:2)
  3 dart slugs
  6 ball pythons
  7 bats
  5 endoplasms (D:2)
  5 giant cockroaches
  6 goblins
  2 hobgoblins
  4 jackals (D:3)
  5 quokkas
  5 frilled lizards
  7 kobolds
  3 rats (D:2)
60 creatures vanquished.

Notes
Turn   | Place    | Note
-------+----------+-------------------------------------------
     0 | D:1      | wakim the Octopode Transmuter began the quest for the Orb.
     0 | D:1      | Reached XP level 1. HP: 13/13 MP: 3/3
   314 | D:1      | Reached XP level 2. HP: 15/18 MP: 3/5
   448 | D:1      | Reached skill level 1 in Poison Magic
   783 | D:1      | Found a faded altar of an unknown god.
  1270 | D:2      | Reached XP level 3. HP: 20/23 MP: 4/6
  1309 | D:2      | Learned a level 3 spell: Spider Form
  1515 | D:2      | Reached skill level 1 in Stealth
  2037 | D:2      | Found Hays's Assorted Antiques.
  2120 | D:2      | Reached XP level 4. HP: 28/28 MP: 7/7
  2546 | D:2      | Bought a scroll labelled USOEMAY DIJASA for 23 gold pieces
  2546 | D:2      | Bought a scroll labelled CIOMIAGGOU for 23 gold pieces
  2756 | D:3      | Found a glowing drain.
  2776 | D:3      | Slain by a river rat

Illustrated notes

Levels and vault maps discovered:
D:1:      minmay_arrival_floating_metal, layout_basic,
          shapermc_ecumenical_altar_mp_highgroup, serial_bayou_crossing
D:2:      layout_basic, serial_shops, shop, minmay_misc_feat_more_columns,
          minmay_joined_circles
D:3:      layout_basic, bloody_makhleb, portal_sewer_entry_b, st_stairs_8,
          uniq_robin

Skill      XL: |  1  2  3 |
---------------+----------+-----
Poison Magic   | 1 |  1.6
Stealth        | 1 |  1.8
Transmutations | 3 |  3.1
Fighting       | |  1.0
Dodging        | |  2.0
Unarmed Combat | |  3.4
Spellcasting   | |  2.4

Action                   |  1- 3 |  4- 6 || total
-------------------------+-------+-------++-------
Melee: Unarmed           |    85 |    36 ||   121
       Constrict         |    16 |     8 ||    24
       Kick              |    10 |     1 ||    11
       Tentacles         |     7 |     2 ||     9
       Punch             |       |     1 ||     1
 Cast: Beastly Appendage |    19 |     4 ||    23
       Spider Form       |     6 |     1 ||     7
  Use: Scroll            |     5 |     4 ||     9
 Stab: Sleeping          |     7 |     4 ||    11
Armor: Skin              |     8 |     4 ||    12
Dodge: Dodged            |    56 |    36 ||    92
